 Dungeon Crawl Stone Soup version 0.24-a0-446-g87df7205b4 (webtiles) character file.

Game seed: 13244293237852518044

163 tilp the Sneak (level 5, -4/33 HPs)
             Began as an Octopode Transmuter on June 24, 2019.
             Slain by an orc
             ... wielding a +0 hand axe
              (8 damage)
             ... on level 3 of the Dungeon.
             The game lasted 00:07:24 (2571 turns).

tilp the Sneak (Octopode Transmuter)                Turns: 2571, Time: 00:07:25

Health: -4/33      AC:  1    Str:  9    XL:     5   Next: 44%
Magic:  8/8        EV: 19    Int: 16    God:
Gold:   109        SH:  0    Dex: 18    Spells: 2/8 levels left

rFire    . . .     SeeInvis .   e - +0 spear
rCold    . . .     Gourm    .   (no shield)
rNeg     . . .     Faith    .   (helmet restricted)
rPois    .         Spirit   .   (no amulet)
rElec    .         Reflect  .   (no ring)
rCorr    .         Harm     .   (no ring)
MR       .....                  (no ring)
Stlth    +++++.....             (no ring)
HPRegen  0.11/turn              (no ring)
MPRegen  0.11/turn              (no ring)
                                (no ring)
                                (no ring)

@: agile
A: almost no armour, stealthy swim, amphibious, 8 rings, constrict 8, camouflage
1, gelatinous body 1
a: no special abilities


You were on level 3 of the Dungeon.
You were hungry.

You visited 1 branch of the dungeon, and saw 3 of its levels.

You collected 109 gold pieces.

Inventory:

Hand Weapons
 e - a +0 spear (weapon)
Missiles
 a - 11 arrows
 i - 71 stones
 j - 5 javelins (quivered)
Jewellery
 p - a cursed amulet of inaccuracy {unknown}
Scrolls
 f - a scroll of enchant armour {unknown}
 g - a scroll of remove curse
Potions
 h - a potion of invisibility
 k - a potion of lignification
 l - 3 potions of curing
 m - 2 potions of ambrosia {unknown}
 n - 3 potions of brilliance
 o - a potion of haste {unknown}
Comestibles
 c - 6 rations
 d - 5 chunks of flesh


   Skills:
 - Level 1.0 Fighting
 - Level 2.0 Dodging
 + Level 5.0 Stealth
 - Level 3.0 Unarmed Combat
 - Level 2.0 Spellcasting
 - Level 4.0 Transmutations


You had 2 spell levels left.
You knew the following spells:

 Your Spells              Type           Power        Failure   Level  Hunger
a - Beastly Appendage     Tmut           ##....       3%          1    #......
b - Sticks to Snakes      Tmut           ##......     6%          2    ###....
c - Spider Form           Tmut/Pois      #.........   26%         3    ###....

Your spell library contained the following spells:

 Spells                   Type           Power        Failure   Level  Hunger
 Ice Form                 Ice/Tmut       #.......     65%         4    #####..
 Blade Hands              Tmut           ##........   71%         5    ######.


Dungeon Overview and Level Annotations

Branches:
Dungeon (3/15)

Altars:
Makhleb


Innate Abilities, Weirdness & Mutations

You cannot wear most types of armour.
You are very stealthy in the water. (Stealth+)
You are amphibious.
You can wear up to eight rings at the same time.
You can use your tentacles to constrict eight enemies at once.
Your skin changes colour to match your surroundings (Stealth+).
Your rubbery body absorbs attacks. (AC +1, EV +1)


Message History

You feel better. The orc closely misses you.
You feel agile all of a sudden. The orc barely misses you.
Your tentacle spike disappears.
The orc hits you with a +0 hand axe.
* * * LOW HITPOINT WARNING * * *
The orc hits you with a +0 hand axe.
* * * LOW HITPOINT WARNING * * *
The orc misses you.
You hit the orc but do no damage. You grab the orc.
Your squeeze misses the orc.
You constrict the orc, but do no damage.
The orc barely misses you. The orc misses you.
Unknown command.
Okay, then.
Unknown command.
You completely miss the orc.
You feel yourself speed up.
You constrict the orc. The orc hits you with a +0 hand axe!
You die...

.# ###### ...
###....#
.#.######....#.##
.......>........
#......#.#....#
#........#..o@#
#......######o#
#.............#
#....)†.?..#.##
###+##..##.###
#.......##.#
....##.#.###.#
#+# . #.#.# #.#
... #.#.# #.# #.#


You could see 2 orcs.

Vanquished Creatures
  A hound (D:2)
  An orc wizard (D:3)
  Jessica (D:2)
  2 adders (D:2)
  2 oozes
  2 dart slugs (D:1)
  3 leopard geckos
  An orc (D:3)
  5 bats
  2 giant cockroaches
  A goblin (D:2)
  9 hobgoblins
  4 jackals (D:2)
  4 frilled lizards
  3 kobolds
  5 rats
46 creatures vanquished.

Notes
Turn   | Place    | Note
-------+----------+-------------------------------------------
     0 | D:1      | tilp the Octopode Transmuter began the quest for the Orb.
     0 | D:1      | Reached XP level 1. HP: 13/13 MP: 3/3
    38 | D:1      | Reached skill level 1 in Stealth
   336 | D:1      | You fall into a shaft and drop 1 floor!
   392 | D:2      | Reached XP level 2. HP: 18/18 MP: 5/5
   400 | D:2      | Learned a level 2 spell: Sticks to Snakes
   614 | D:1      | Reached skill level 2 in Stealth
   910 | D:1      | Reached XP level 3. HP: 21/23 MP: 6/6
  1320 | D:1      | Learned a level 3 spell: Spider Form
  1536 | D:2      | Reached skill level 3 in Stealth
  1569 | D:2      | Noticed Jessica
  1717 | D:2      | Reached XP level 4. HP: 16/28 MP: 5/7
  1913 | D:2      | Killed Jessica
  1913 | D:2      | Reached skill level 4 in Stealth
  2268 | D:2      | Found a burning altar of Makhleb.
  2274 | D:2      | Reached XP level 5. HP: 21/33 MP: 8/8
  2554 | D:3      | Reached skill level 5 in Stealth
  2571 | D:3      | Slain by an orc

Levels and vault maps discovered:
D:1:      dpeg_arrival_rhombi, layout_basic
D:2:      layout_loops_ring, first_ration, makhleb_heckhound_becter,
          uniq_jessica
D:3:      layout_basic, grunt_temple_overflow_diamond, serial_glass,
          glass_columns_a, glass_columns_a, glass_columns_a, glass_columns_b,
          glass_columns_c, glass_columns_a, hangedman_decor_opposing,
          nrook_mini_vaults

Skill      XL: |  1  2  3  4  5 |
---------------+----------------+-----
Stealth        | 1 2 3 4 5 |  5.0
Transmutations | 3 4 |  4.0
Fighting       | |  1.0
Dodging        | |  2.0
Unarmed Combat | |  3.0
Spellcasting   | |  2.0

Action                   |  1- 3 |  4- 6 || total
-------------------------+-------+-------++-------
Melee: Unarmed           |     9 |       ||     9
       Kick              |     9 |     3 ||    12
       Spear             |    69 |    55 ||   124
       Constrict         |    19 |    15 ||    34
       Tentacles         |     8 |     8 ||    16
Throw: Javelin           |     1 |       ||     1
 Cast: Beastly Appendage |     8 |     4 ||    12
       Sticks to Snakes  |     1 |       ||     1
  Use: Scroll            |     7 |       ||     7
       Potion            |       |     2 ||     2
 Stab: Sleeping          |     7 |     9 ||    16
  Eat: Chunk             |     3 |     2 ||     5
Armor: Skin              |     5 |     3 ||     8
Dodge: Dodged            |    33 |    35 ||    68

Table legend:
 A = Non-vault XP
 B = Vault XP
 C = Vault XP percentage of total XP
 D = Non-vault monster count
 E = Vault monster count
 F = Vault count percentage of total count
                 A         B        C        D         E       F
            +---------+---------+-------+---------+---------+-------
      Total |     153 |      80 |  34.3 |      44 |       2 |   4.3
            +---------+---------+-------+---------+---------+-------
        D:1 |      39 |       0 |   0.0 |      19 |       0 |   0.0
        D:2 |      59 |      80 |  57.6 |      16 |       2 |  11.1
        D:3 |      55 |       0 |   0.0 |       9 |       0 |   0.0
            +---------+---------+-------+---------+---------+-------
